 Dungeon Crawl Stone Soup version 0.22-a0-15-g4f60a598d5 (webtiles) character file.

233 Kaname the Conjurer (level 5, 6/35 HPs)
             Began as a Demonspawn Wizard on Jan 2, 2018.
             Quit the game on level 3 of the Dungeon.
             The game lasted 00:06:00 (2111 turns).

Kaname the Conjurer (Demonspawn Wizard)             Turns: 2111, Time: 00:06:01

Health: 6/35       AC:  6    Str:  7    XL:     5   Next: 74%
Magic:  1/9        EV: 12    Int: 20    God:
Gold:   121        SH:  0    Dex: 12    Spells: 4/10 levels left

rFire    . . .     SeeInvis .   (no weapon)
rCold    + . .     Gourm    .   (no shield)
rNeg     . . .     Faith    .   a - +0 robe
rPois    .         Spirit   .   k - +0 helmet
rElec    .         Reflect  .   (no cloak)
rCorr    .         Harm     .   (no gloves)
MR       .....                  j - +0 pair of boots
Stlth    ++........             (no amulet)
HPRegen  0.11/turn              (no ring)
MPRegen  0.11/turn              (no ring)

@: no status effects
A: molten scales 1, cold resistance 1, demonic guardian 1
a: no special abilities


You were on level 3 of the Dungeon.
You were hungry.

You visited 1 branch of the dungeon, and saw 3 of its levels.

You collected 121 gold pieces.

Inventory:

Armour
 a - a +0 robe (worn)
 b - a +0 hat
 j - a +0 pair of boots (worn)
 k - a +0 helmet (worn)
Scrolls
 e - 3 scrolls of amnesia
 f - 2 scrolls of identify
 g - a scroll of fog
 l - a scroll of teleportation
Potions
 h - a potion of invisibility {unknown}
 m - a potion of magic {unknown}
Books
 c - a book of Minor Magic

   Spells                             Type                      Level
   a - Magic Dart                     Conjuration                  1
   b - Blink                          Translocation                2
   c - Call Imp                       Summoning                    2
   d - Slow                           Hexes                        2
   e - Conjure Flame                  Conjuration/Fire             3
   f - Mephitic Cloud                 Conjuration/Poison/Air       3
Comestibles
 d - 7 rations


   Skills:
 - Level 1.7 Dodging
 - Level 1.7 Stealth
 - Level 3.0 Spellcasting
 + Level 5.3 Conjurations
   Level 1.0 Summonings
 - Level 1.0 Translocations
 - Level 1.0 Air Magic
 - Level 1.2 Poison Magic


You had 4 spell levels left.
You knew the following spells:

 Your Spells              Type           Power        Failure   Level  Hunger
a - Magic Dart            Conj           ###.         1%          1    None
b - Blink                 Tloc           N/A          14%         2    ##.....
c - Mephitic Cloud        Conj/Pois/Air  ##......     16%         3    ###....


Dungeon Overview and Level Annotations

Branches:
Dungeon (3/15)

Altars:
Ashenzari
Makhleb
Uskayaw
The Shining One

Annotations:
D:3 Natasha, Terence


Innate Abilities, Weirdness & Mutations

You are partially covered in molten scales. (AC +2)
Your flesh is cold resistant. (rC+)
A weak demonic guardian rushes to your aid.


Message History

Aim: Grinder (almost dead) Attack!
Grinder gestures at you.
You suddenly lose the ability to move!
Your iron imp barely misses Grinder.
Grinder gestures at you. Pain shoots through your body! Grinder hits you!
* * * LOW HITPOINT WARNING * * *
Your iron imp hits Grinder!
Grinder hits your iron imp but does no damage.
Your iron imp hits Grinder!
Grinder dies!
Your Conjurations skill gained 2 levels and is now at level 5!
You have reached level 5!
Your demonic ancestry asserts itself...
Molten scales grow over part of your body.
You can move again.
Unknown command.
Are you sure you want to abandon this character and quit the game? (Confirm with "yes".)

#..##....
......... #
#.#?.#.# .#
..(...###.#
#....(..(#
#.5......#
#...(....#
#..g5†...# ####
##†@!....#
#...###(......#
####.#...((......#
.......<##########
#...#.#.# .. # #.#
#.# #.# ..#


You could see a goblin, a friendly iron imp and a friendly ufetubus (paralysed).

Vanquished Creatures
  Natasha (D:3)
  2 adders (D:2)
  3 leopard geckos
  3 giant cockroaches
  11 goblins
  4 hobgoblins
  2 jackals (D:3)
  4 kobolds
  A quokka (D:2)
  2 ball pythons
  5 bats
  2 frilled lizards
  7 rats
47 creatures vanquished.

Vanquished Creatures (collateral kills)
  Grinder (D:3)
  An ooze (D:3)
  A giant cockroach (D:3)
  A kobold (D:3)
  A rat (D:3)
5 creatures vanquished.

Grand Total: 52 creatures vanquished

Notes
Turn   | Place    | Note
-------+----------+-------------------------------------------
     0 | D:1      | Kaname the Demonspawn Wizard began the quest for the Orb.
     0 | D:1      | Reached XP level 1. HP: 13/13 MP: 4/4
   161 | D:1      | Reached skill level 2 in Conjurations
   252 | D:1      | Gained mutation: Your flesh is cold resistant. (rC+) [demonic ancestry]
   252 | D:1      | Reached XP level 2. HP: 1/19 MP: 0/6
   314 | D:1      | Learned a level 2 spell: Blink
   829 | D:1      | Reached skill level 3 in Conjurations
   871 | D:1      | Reached XP level 3. HP: 24/24 MP: 4/7
   876 | D:1      | Learned a level 3 spell: Mephitic Cloud
   913 | D:1      | Reached skill level 1 in Translocations
  1147 | D:2      | Noticed a hand axe
  1148 | D:2      | Noticed a hand axe
  1154 | D:2      | Found a hide-covered altar of Uskayaw.
  1258 | D:2      | Reached skill level 1 in Air Magic
  1335 | D:2      | Found a burning altar of Makhleb.
  1340 | D:2      | Reached skill level 1 in Poison Magic
  1355 | D:2      | Found a shattered altar of Ashenzari.
  1357 | D:2      | Found a glowing golden altar of the Shining One.
  1941 | D:3      | Noticed Natasha
  1949 | D:3      | Killed Natasha
  1949 | D:3      | Gained mutation: A weak demonic guardian rushes to your aid. [demonic ancestry]
  1949 | D:3      | Reached XP level 4. HP: 25/30 MP: 0/8
  2036 | D:3      | Noticed Terence
  2039 | D:3      | Noticed Natasha
  2066 | D:3      | Noticed Grinder
  2073 | D:3      | Paralysed by Grinder for 5 turns
  2094 | D:3      | Paralysed by Grinder for 7 turns
  2104 | D:3      | Paralysed by Grinder for 7 turns
  2109 | D:3      | Killed Grinder
  2109 | D:3      | Reached skill level 5 in Conjurations
  2109 | D:3      | Gained mutation: You are partially covered in molten scales. (AC +2) [demonic ancestry]
  2109 | D:3      | Reached XP level 5. HP: 6/35 MP: 1/9
  2111 | D:3      | Quit the game

Vault maps used:
D:1:      dpeg_arrival_short_road, minmay_misc_feat_five
D:2:      dancing_weapons_uskayaw, grunt_temple_overflow_open, first_ration
D:3:      lightli_sewer_entry_pipes, uniq_grinder, uniq_terence, uniq_natasha

Skill      XL: |  1  2  3  4 |
---------------+-------------+-----
Conjurations   | 2 3 5 |  5.3
Translocations | 1 |  1.0
Air Magic      | 1 |  1.0
Poison Magic   | 1 |  1.2
Dodging        | |  1.7
Stealth        | |  1.7
Spellcasting   | |  3.0
Summonings     | |  1.0

Action                   |  1- 3 |  4- 6 || total
-------------------------+-------+-------++-------
Melee: Unarmed           |    25 |    10 ||    35
Throw: Javelin           |       |     5 ||     5
 Cast: Magic Dart        |    94 |    17 ||   111
  Use: Scroll            |     2 |     1 ||     3
  Eat: Chunk             |     3 |       ||     3
Armor: Robe              |     9 |     1 ||    10
Dodge: Dodged            |    20 |    13 ||    33

Table legend:
 A = Spawn XP
 B = Non-spawn XP
 C = Spawn XP percentage of total XP
 D = Spawn monster count
 E = Non-spawn monster count
 F = Spawn count percentage of total count
 G = Total turns spent on level
                    A         B        C        D         E        F      G
               +---------+---------+-------+---------+---------+-------+---------
         Total |       0 |     333 |   0.0 |       0 |      52 |   0.0 |  2111
               +---------+---------+-------+---------+---------+-------+---------
           D:1 |       0 |      46 |   0.0 |       0 |      26 |   0.0 |  1023
           D:2 |       0 |      46 |   0.0 |       0 |      14 |   0.0 |   923
           D:3 |       0 |     241 |   0.0 |       0 |      12 |   0.0 |   165
               +---------+---------+-------+---------+---------+-------+---------
